 Dungeon Crawl Stone Soup version 0.28-a0-471-g27616f3 (webtiles) character file.

Game seed: 9366591036993141803

130 Bluhz the Shooter (level 4, -8/33 HPs)
             Began as a Vampire Hunter on Sept 14, 2021.
             Mangled by an ogre (24 damage)
             ... on level 4 of the Dungeon.
             The game lasted 00:11:02 (2240 turns).

Bluhz the Shooter (Vampire Hunter)                  Turns: 2240, Time: 00:11:03

Health: -8/33      AC:  3    Str: 11    XL:     4   Next: 89%
Magic:  4/4        EV: 12    Int: 13    God:
Gold:   177        SH:  0    Dex: 15    Spells: 3/3 levels left

rFire   . . .      SeeInvis +   a - +2 shortbow
rCold   . . .      Faith    .   (shield currently unavailable)
rNeg    . . .      Spirit   .   c - +0 leather armour
rPois   .          Reflect  .   (no helmet)
rElec   .          Harm     .   (no cloak)
rCorr   .          Rampage  .   (no gloves)
Will    .....                   (no boots)
Stlth   ++........              (no amulet)
HPRegen 0.31/turn               (no ring)
MPRegen 0.09/turn               (no ring)

@: healing quickly
A: alive, fangs 3, see invisible, vampiric 2
a: Exsanguinate


You were on level 4 of the Dungeon.
You visited 1 branch of the dungeon, and saw 4 of its levels.

You collected 177 gold pieces.

Inventory:

Hand Weapons
 a - a +2 shortbow (weapon)
 b - a +0 short sword
Missiles
 d - 17 arrows (quivered ammo)
Armour
 c - a +0 leather armour (worn)
Wands
 e - a wand of iceblast (9)
Scrolls
 f - a scroll of blinking
Potions
 g - a potion of haste {unknown}


   Skills:
 + Level 2.2 Fighting
 + Level 4.9 Bows
 + Level 0.4 Armour
 + Level 2.3 Dodging
 + Level 1.5 Stealth


You had 3 spell levels left.
You didn't know any spells.
Your spell library contained the following spells:

 Spells                   Type           Power      Damage    Failure   Level
 Dazzling Flash           Conj/Hex       0%         N/A       77%         3
 Agony                    Necr           0%         N/A       100%        5
 Silence                  Hex/Air        0%         N/A       100%        5


Dungeon Overview and Level Annotations

Branches:
Dungeon (4/15)
 Temple: D:4-7

Altars:
Fedhas
Makhleb

Shops:
D:3 (


Innate Abilities, Weirdness & Mutations

Your natural rate of healing is accelerated.
You have razor-sharp teeth.
You have supernaturally acute eyesight. (SInv)
You are afflicted with vampirism and can become a bat while bloodless.


Message History

Press: ? - help, Q - select action, (/) - cycle Shift-Dir - straight line, f - adder
Aim: an adder (asleep, 98% to hit)
You shoot an arrow. The arrow hits the adder!
The adder is almost dead.
The ogre shouts!
The adder barely misses you.
You see here a +0 ring mail.
Fire: 22 arrows
Press: ? - help, Q - select action, (/) - cycle Shift-Dir - straight line, f/p - adder
Aim: an adder (almost dead, 48% to hit)
You shoot an arrow. The arrow barely misses the adder.
The arrow hits the ogre.
The ogre is moderately wounded.
The adder barely misses you. x2
Fire: 21 arrows
Press: ? - help, Q - select action, (/) - cycle Shift-Dir - straight line, f/p - adder
Aim: an adder (almost dead, 48% to hit)
You shoot an arrow. The arrow hits the adder!
You kill the adder!
Fire: 20 arrows
Press: ? - help, Q - select action, (/) - cycle Shift-Dir - straight line, f - ogre
Aim: an ogre, wielding a +0 giant club (moderately wounded, 77% to hit)
You shoot an arrow. The arrow hits the ogre!
The ogre is heavily wounded.
The ogre hits you with a +0 giant club!!
Ouch! That really hurt!
Fire: 19 arrows
Press: ? - help, Q - select action, (/) - cycle Shift-Dir - straight line, f/p - ogre
Aim: an ogre, wielding a +0 giant club (heavily wounded, 77% to hit)
You shoot an arrow.
The arrow hits the ogre but does no damage.
The ogre is heavily wounded.
The ogre barely misses you.
Fire: 18 arrows
Press: ? - help, Q - select action, (/) - cycle Shift-Dir - straight line, f/p - ogre
Aim: an ogre, wielding a +0 giant club (heavily wounded, 77% to hit)
You shoot an arrow. The arrow hits the ogre!
The ogre is severely wounded.
The ogre hits you with a +0 giant club!!
Ouch! That really hurt!
You die...

... ...
.....#.#########
.......(..[(...#
.....#.#######.#
#.#. #( #.# #.#.# #O
#.# #.... .. #.#
##...### #O#
##.....## ###@#
#.......## ##.#.#
.......(.####....###
.........'.....>...#
.........####...##.#
#.......## ##.###.#
##.....##
#####.##### ##...##
#.........# ##'##
#.###.###.#


You could see an ogre.

Vanquished Creatures
  4 adders
  3 worms
  5 dart slugs
  3 orcs (D:3)
  4 ball pythons
  10 endoplasms
  2 giant cockroaches
  6 goblins
  8 hobgoblins
  A quokka (D:3)
  7 bats
  A frilled lizard (D:1)
  8 kobolds
  9 rats
71 creatures vanquished.

Notes
Turn   | Place    | Note
-------+----------+-------------------------------------------
     0 | D:1      | Bluhz the Vampire Hunter began the quest for the Orb.
     0 | D:1      | Reached XP level 1. HP: 16/16 MP: 1/1
    53 | D:1      | Reached XP level 2. HP: 21/22 MP: 2/2
   243 | D:1      | Gained mutation: You are afflicted with vampirism and can
                  | become a bat while bloodless. [Vampire growth]
   243 | D:1      | Reached XP level 3. HP: 27/27 MP: 3/3
   249 | D:1      | Reached skill level 4 in Bows
   755 | D:2      | Reached XP level 4. HP: 33/33 MP: 4/4
   884 | D:2      | Found a faded altar of an unknown god.
  1452 | D:3      | Found a blossoming altar of Fedhas.
  1452 | D:3      | Found a burning altar of Makhleb.
  1800 | D:3      | Found Povioceo's Antique Weapon Shoppe.
  2222 | D:4      | Noticed an ogre
  2240 | D:4      | Mangled by an ogre

Illustrated notes

Levels and vault maps discovered:
D:1:      dpeg_arrival_houses_and_road, layout_rooms, minmay_cut_off
D:2:      layout_basic, hellmonk_ecumenical_altar_leap_of_faith
D:3:      layout_loops_corners, mainiacjoe_overflow_divided_tiny, serial_shops,
          shop
D:4:      layout_loops_corners, jmf_multi_god_temple,
          nicolae_gozag_cash_rules_everything_around_me, elyvilon_altar_3,
          uniq_menkaure

Skill      XL: |  1  2  3 |
---------------+----------+-----
Fighting       | 2 |  2.2
Bows           | 4 |  4.9
Armour         | |  0.4
Dodging        | |  2.3
Stealth        | |  1.5

Action                   |  1- 3 |  4- 6 || total
-------------------------+-------+-------++-------
 Fire: Shortbow          |   105 |    82 ||   187
  Use: Scroll            |       |     4 ||     4
Armor: Leather armour    |     5 |     1 ||     6
Dodge: Dodged            |    20 |    15 ||    35

Table legend: (Time is in decaauts)
 A = Elapsed time spent in this place.
 B = Non-inter-level travel time spent in this place.
 C = Inter-level travel time spent in this place.
 D = Time resting spent in this place.
 E = Time spent auto-exploring this place.
 F = Levels seen in this place.
 G = Mean time per level.
                   A        B        C        D        E       F      G
               +--------+--------+--------+--------+--------+-----+--------+
         Total |   2255 |   2174 |     81 |      0 |   1755 |   4 |  563.8 |
       Dungeon |   2255 |   2174 |     81 |      0 |   1755 |   4 |  563.8 |
               +--------+--------+--------+--------+--------+-----+--------+

Top non-repeatable levels by time:
     D:3: 910 daAuts
     D:2: 651 daAuts
     D:1: 578 daAuts
     D:4: 113 daAuts
